 Dungeon Crawl Stone Soup version 0.30-a0-782-ge64f9170bb (webtiles) character file.

Game seed: 13119049205670251578

491500 KleinerIrrer the Ruinous (level 23, -1/204 (207) HPs)
             Began as a Demonspawn Conjurer on Feb 18, 2023.
             Was an Initiate of Gozag.
             Blown up by a cacodemon (30 damage)
             ... with a bolt of energy
             ... summoned by a dread lich
             ... while paralysed by a dread lich
             ... on level 5 of the Vaults on Feb 19, 2023.
             The game lasted 05:10:02 (99113 turns).

KleinerIrrer the Ruinous (Demonspawn Conjurer)     Turns: 99113, Time: 05:10:03

HP:   -1/204 (207)  AC: 32    Str:  8    XL:     23   Next: 59%
MP:   25/45         EV:  2    Int: 37    God:    Gozag
Gold: 7365          SH:  0    Dex: 15    Spells: 17/59 levels left

rFire   + + .      SeeInvis +    n - staff of conjuration
rCold   + + +      Faith    .    I - +1 buckler {rF+}
rNeg    + . .      Spirit   .    P - +2 ring mail {rF+}
rPois   +          Reflect  +    (helmet unavailable)
rElec   +          Harm     .    Z - +1 cloak "Pufaj" {Dex+3}
rCorr   .          Rampage  .    w - +2 pair of gloves
Will    .....                    x - +1 pair of boots of the Narrow God {+Inv rN+ Will- Dex+5 SInv} Stlth
                                 A - amulet of reflection
HPRegen 0.54/turn                k - ring "Aruobaw" {Fly rElec rPois rC+ AC+4}
MPRegen 0.29/turn                Y - ring of Omuohari {rC++ Int+6 Dex-4 Slay+3 SInv}

@: confused, paralysed, lethally poisoned (-1 -> -19), sanguine armoured,
flying, lightly drained
A: horns 3, foul stench 2, robust 2, sanguine armour 3, demonic magic 2, talons
1, clever 1, sense surroundings 1, weak 1
}: 3/15 runes: barnacled, silver, gossamer
a: Renounce Religion, Evoke Invisibility, Potion Petition, Call Merchant, Bribe
Branch


You were on level 5 of the Vaults.
You worshipped Gozag.
Gozag was greatly pleased with you.
You visited 9 branches of the dungeon, and saw 43 of its levels.
You also visited: Ossuary and Wizlab.

You collected 18608 gold pieces.
You spent 4501 gold pieces at shops.
You paid 6742 gold pieces to Gozag.

Inventory:

Hand Weapons
 l - the +4 short sword of Exquisite Death {vamp, rPois Will++ Int-2 Dex+2}
   (You found it on level 3 of the Elven Halls)

   Int:       It affects your intelligence (-2).
   Dex:       It affects your dexterity (+2).
   rPois:     It protects you from poison.
   Will:      It greatly increases your willpower.
Missiles
 q - 7 throwing nets
 r - 10 javelins
Armour
 w - a +2 pair of gloves (worn)
 x - the +1 pair of boots of the Narrow God (worn) {+Inv rN+ Will- Dex+5 SInv}
   (You acquired it on level 4 of the Lair of Beasts)

   Dex:       It affects your dexterity (+5).
   rN:        It protects you from negative energy.
   SInv:      It lets you see invisible.
   +Inv:      It lets you turn invisible.
   Will:      It decreases your willpower.
 I - a +1 buckler of fire resistance (worn)
 P - a +2 ring mail of fire resistance (worn)
 Z - the +1 cloak "Pufaj" (worn) {Dex+3}
   (You bought it in a shop on level 2 of the Orcish Mines)

   Dex:       It affects your dexterity (+3).
Magical Staves
 n - a staff of conjuration (weapon)
Jewellery
 e - the ring "Himpint" {Ice Will+ Int+3}
   (You bought it in a shop on level 2 of the Orcish Mines)

   [ring of ice]

   It enhances your ice magic.
   Int:       It affects your intelligence (+3).
   rF:        It makes you vulnerable to fire.
   rC:        It protects you from cold.
   Will:      It increases your willpower.
 h - an amulet of regeneration
 i - a ring of resist corrosion
 k - the ring "Aruobaw" (left hand) {Fly rElec rPois rC+ AC+4}
   (You bought it in a shop on level 1 of the Lair of Beasts)

   [ring of protection]

   AC:        It affects your AC (+4).
   rC:        It protects you from cold.
   rElec:     It insulates you from electricity.
   rPois:     It protects you from poison.
   Fly:       It grants you flight.
 t - the ring of Feat {Fly rF+ Str+5 Slay-2 Stlth+}
   (You acquired it on level 5 of the Lair of Beasts)

   [ring of protection from fire]

   Str:       It affects your strength (+5).
   Slay:      It affects your accuracy & damage with ranged weapons and melee
   (-2).
   rF:        It protects you from fire.
   Fly:       It grants you flight.
   Stlth:     It makes you more stealthy.
 A - an amulet of reflection (around neck)
 R - a ring of positive energy
 W - a ring of fire
 Y - the ring of Omuohari (right hand) {rC++ Int+6 Dex-4 Slay+3 SInv}
   (You found it on level 5 of the Lair of Beasts)

   [ring of intelligence]

   Int:       It affects your intelligence (+6).
   Dex:       It affects your dexterity (-4).
   Slay:      It affects your accuracy & damage with ranged weapons and melee
   (+3).
   rC:        It greatly protects you from cold.
   SInv:      It lets you see invisible.
Wands
 d - a wand of flame (33)
 s - a wand of paralysis (28)
 v - a wand of mindburst (27)
 K - a wand of quicksilver (3)
 S - a wand of iceblast (32)
 T - a wand of digging (8)
Scrolls
 b - 2 scrolls of blinking
 c - 2 scrolls of magic mapping
 f - 6 scrolls of fear
 j - 7 scrolls of vulnerability
 m - 4 scrolls of amnesia
 p - 6 scrolls of silence
 u - a scroll of enchant weapon
 y - 9 scrolls of immolation
 D - 9 scrolls of poison
 L - 3 scrolls of fog
 M - 2 scrolls of teleportation
 O - 5 scrolls of butterflies
 Q - 5 scrolls of torment
 X - 3 scrolls of enchant armour
Potions
 a - 7 potions of haste
 g - 9 potions of flight
 o - 16 potions of curing
 z - 4 potions of berserk rage
 C - 2 potions of resistance
 E - 8 potions of lignification
 F - 6 potions of attraction
 G - a potion of might
 H - 14 potions of degeneration
 J - 9 potions of mutation
 N - 3 potions of heal wounds
 V - 5 potions of ambrosia
Miscellaneous
 B - a tin of tremorstones (2/2)


   Skills:
 + Level 12.7 Fighting
 - Level 8.1 Armour
 - Level 5.9 Dodging
 - Level 1.7 Stealth
 - Level 15.2 Shields
 + Level 18.5 Spellcasting
 + Level 22.9 Conjurations
 - Level 4.0 Ice Magic
 - Level 4.0 Air Magic
 + Level 20.4 Earth Magic


You had 17 spell levels left.
You knew the following spells:

 Your Spells              Type           Power      Damage    Failure   Level
a - Magic Dart            Conj           100%       1d8       0%          1
b - Searing Ray           Conj           100%       2d8       0%          2
c - Dazzling Flash        Conj/Hex       100%       N/A       1%          3
d - Fulminant Prism       Conj/Hex       54%        3d23      1%          4
e - Iskenderun's Mystic   Conj/Tloc      100%       2d19      1%          4
f - Stone Arrow           Conj/Erth      100%       3d13      0%          3
g - Freezing Cloud        Conj/Ice/Air   52%        6-21      1%          5
h - Lehudib's Crystal Sp  Conj/Erth      69%        10d16     2%          8
i - Statue Form           Tmut/Erth      55%        N/A       6%          6
j - Lee's Rapid Deconstr  Erth           55%        3d26*     0%          5
k - Apportation           Tloc           68%        N/A       2%          1

Your spell library contained the following spells:

 Spells                   Type           Power      Damage    Failure   Level
 Iskenderun's Battlesphe  Conj           100%       2d15      0%          5
 Foxfire                  Conj/Fire      100%       2x1d9     1%          1
 Poisonous Vapours        Pois/Air       98%        N/A       1%          2
 Ozocubu's Armour         Ice            59%        N/A       1%          3
 Animate Armour           Summ/Erth      100%       N/A       1%          4
 Flame Wave               Conj/Fire      100%       2d21      1%          4
 Leda's Liquefaction      Hex/Erth       41%        N/A       1%          4
 Sticky Flame             Conj/Fire      100%       2d11      1%          4
 Arcjolt                  Conj/Air       58%        1d68      1%          5
 Fireball                 Conj/Fire      54%        3d21      1%          5
 Irradiate                Conj/Tmut      54%        3d29      1%          5
 Lightning Bolt           Conj/Air       58%        1d80      1%          5
 Iron Shot                Conj/Erth      69%        9d13      1%          6
 Beastly Appendage        Tmut           68%        N/A       2%          1
 Necrotise                Necr           100%       1d9       2%          1
 Sting                    Tmut/Pois      100%       1d8       2%          1
 Summon Small Mammal      Summ           100%       N/A       2%          1
 Starburst                Conj/Fire      54%        6d15      3%          6
 Scorch                   Fire           68%        2d8       4%          2
 Wereblood                Tmut           34%        N/A       4%          2
 Kindle Blastsparks       Fire/Tloc/Air  88%        2d17      4%          3
 Ignite Poison            Fire/Tmut/Pois 34%        N/A       8%          3
 Inner Flame              Hex/Fire       34%        N/A       8%          3
 Portal Projectile        Hex/Tloc       68%        N/A       8%          3
 Spider Form              Tmut/Pois      34%        N/A       8%          3
 Tukima's Dance           Hex            34%        N/A       8%          3
 Vampiric Draining        Necr           34%        2d8       8%          3
 Ice Form                 Ice/Tmut       49%        N/A       12%         4
 Summon Lightning Spire   Summ/Air       49%        N/A       12%         4
 Olgreb's Toxic Radiance  Pois           34%        N/A       26%         4
 Metabolic Englaciation   Hex/Ice        24%        N/A       32%         5
 Agony                    Necr           34%        N/A       58%         5
 Blade Hands              Tmut           17%        N/A       58%         5
 Yara's Violent Unravell  Hex/Tmut       17%        3d8       58%         5
 Summon Cactus Giant      Summ           17%        N/A       99%         6
 Ozocubu's Refrigeration  Ice            29%        4d14      99%         7
 Dragon Form              Tmut           17%        N/A       100%        7
 Enfeeble                 Hex            17%        N/A       100%        7
 Fire Storm               Conj/Fire      54%        8d14      100%        9
 Simulacrum               Ice/Necr       Unusable   N/A       N/A         6

Dungeon Overview and Level Annotations

Branches:
Dungeon (15/15)            Temple (1/1) D:7            Lair (5/5) D:9
 Shoals (4/4) Lair:2       Spider (4/4) Lair:3        Slime (0/5) Lair:5
    Orc (2/2) D:10            Elf (3/3) Orc:2        Vaults (5/5) D:14
  Crypt (0/3) Vaults:3     Depths (4/4) D:15            Zot (0/5) Depths:4
Ossuary (visited)          WizLab (visited)

Altars:
Ashenzari
Cheibriados
Dithmenos
Fedhas
Gozag
Hepliaklqana
Kikubaaqudgha
Makhleb
Nemelex Xobeh
Okawaru
Qazlal
Ru
Sif Muna
Trog
Uskayaw
Vehumet
Wu Jian
Xom
Yredelemnul
Jiyva

Shops:
D:2 (!   D:6 (   D:7 !   D:8 *   D:9 (   D:14 :*   Orc:2 (*!*[   Elf:2 *
Lair:1 =   Shoals:2 [   Vaults:1 =   Vaults:2 :   Depths:2 *

Portals:
Hell: Depths:1 Depths:2 Depths:3 Depths:4
Abyss: Depths:2 Depths:3 Depths:4
Pandemonium: Depths:1 Depths:2
Ziggurat: Depths:4
Trove: D:11 (give robe of Refuge)

Annotations:
D:3 1 runed translucent door, Crazy Yiuf
Elf:2 3 runed translucent doors
Depths:2 1 runed translucent door


Innate Abilities, Weirdness & Mutations

You have a pair of large horns on your head.
You sometimes emit foul miasma when damaged in melee.
You are very robust. (+20% HP)
When seriously injured, your blood forms very thick armour. (AC +12)
Spells you cast may paralyse nearby enemies.
You have sharp toenails.
Your mind is acute. (Int +4, Str/Dex -1)
You passively map a small area around you.
You are weak. (Str -2)


Message History

Aiming: Lehudib's Crystal Spear (dangerous; 1% risk of failure)
Press: ? - help, Shift-Dir - straight line, f/p - dread lich
Aim: a dread lich (heavily damaged, fast, slightly transparent, 85% to hit)
Okay, then.
The dread lich casts a spell at you.
You suddenly lose the ability to move!
The dread lich casts a spell.
The green death hits you but does no damage.
The cacodemon gestures at you.
Strange energies course through your body.
You feel weaker. The dread lich touches you!
The green death hits you but does no damage.
The cacodemon hits you!
The cacodemon hits you but does no damage.
The dread lich touches you but does no damage. x2
The green death gestures at you.
The poison arrow hits you but does no damage.
You are poisoned.
The cacodemon hits you but does no damage.
The cacodemon hits you! The cacodemon gestures at you.
You are confused.
You feel sick. The dread lich touches you. The green death gestures at you.
The bolt of poison hits you!
You are more poisoned.
You resist. The cacodemon completely misses you. The cacodemon hits you!
The cacodemon hits you but does no damage. x2
You feel extremely sick. The dread lich touches you!
* * * LOW HITPOINT WARNING * * *
You partially resist.
You feel drained.
* * * LOW HITPOINT WARNING * * *
The dread lich touches you but does no damage.
The green death hits you!!
* * * LOW HITPOINT WARNING * * *
The cacodemon gestures at you. The bolt of energy hits you!!
You die...

#.)#..)##..##...##..###..###.#
#..#.###..##..###..##...##.#.# ,
#..###...##..##.(.##..###..#.#
#..#...###..##..###..##○$$.#.#,,
#..#..##.[.##..##.).##§☼##.#.#
#.)#..#...##..##..###..##$...#...
#..#..#.=##..##..##...##.....#...
#.....####).##.L22..###......#...
#....)..)).###.2@[.###.......C..C
#.....############## #######....e
#....))....... ,........
#.............,, , ,,,, ......<<
#............. ,, , , , .C...<..
#............. , ......○<
#....######### * * ###....p
#...... ,,,, ..p..§eZ #..#.... *
, ...W#...


You could see a dread lich (fast, invisible), 2 cacodemons and a green death
(summoned).

Vanquished Creatures
  2 juggernauts
  Sojobo (Vaults:4)
  Josephina (Depths:4)
  Bai Suzhen (Elf:3)
  Margery (Depths:3)
  Xtahua (Vaults:2)
  Saint Roka (Vaults:2)
  11 caustic shrikes
  4 golden dragons
  A bone dragon (Depths:4)
  Arachne (Spider:1)
  3 tentacled monstrosities (Depths:3)
  Rupert (Vaults:4)
  Mlioglotl (Spider:1)
  2 deep elf blademasters (Elf:3)
  Asterion (Elf:1)
  2 walking earthen tomes (Depths:2)
  Zenata (Vaults:2)
  5 titans
  8 sphinxes
  Frances (Elf:1)
  2 deep elf master archers (Elf:3)
  Kirke (Lair:3)
  2 storm dragons
  Agnes (Spider:4)
  Donald (Elf:3)
  5 shadow dragons
  7 tengu reavers
  Roxanne (Spider:2)
  Ilsuiw (Shoals:3)
  A draconian monk (Depths:4)
  A draconian knight (WizLab)
  3 deep elf sorcerers (Elf:3)
  12 vault wardens
  2 emperor scorpions
  6 fire giants
  4 ghost moths
  8 frost giants
  A draconian scorcher (WizLab)
  6 deep elf elementalists
  4 orc warlords
  14 ironbound preservers
  A draconian annihilator (Depths:4)
  32 very ugly things
  8 ironbound thunderhulks
  16 stone giants
  3 spriggan defenders
  A caustic shrike skeleton (Depths:3)
  A war gargoyle (Vaults:4)
  A broodmother (Spider:4)
  5 dire elephants
  A yellow draconian (Depths:4)
  2 green draconians (Depths:4)
  6 vampire knights
  5 deep elf annihilators
  10 purple draconians (WizLab)
  5 deep elf demonologists (Elf:3)
  4 spark wasps
  9 statues (WizLab)
  10 fire dragons
  7 merfolk impalers
  2 crystal guardians (Vaults:4)
  10 deep elf death magi
  4 ettins
  5 yaktaur captains
  4 entropy weavers
  5 deep elf high priests
  6 hydras
  2 merfolk javelineers (Shoals:4)
  3 great orbs of eyes
  7 rakshasas
  26 vault guards
  A caustic shrike simulacrum (Depths:4)
  6 ice dragons
  2 peacekeepers (Vaults:4)
  2 merfolk aquamancers
  8 spriggan air magi
  3 ogre magi
  6 ironbound frosthearts
  2 merfolk avatars
  19 centaur warriors
  3 boulder beetles
  2 alligator snapping turtles
  2 radroaches (Spider:3)
  4 death yaks
  A catoblepas (Lair:3)
  6 deep troll shamans
  12 two-headed ogres
  26 dancing weapons
  5 tengu warriors
  4 orc high priests
  9 deep troll earth magi
  3 satyrs
  2 vampire magi
  7 spriggan berserkers
  3 sun demons (Shoals:2)
  13 deep elf knights
  7 iron trolls
  3 hell knights (Depths:3)
  A sun moth (Spider:3)
  7 pharaoh ants
  16 spriggans
  Amaemon (D:9)
  A shadow wraith (Vaults:5)
  2 salamander mystics (Depths:2)
  A death drake (shapeshifter) (D:15)
  39 deep trolls
  4 flayed ghosts
  6 sea snakes
  A golden dragon zombie (Vaults:5)
  10 orb spiders
  6 skysharks
  An orb spider (shapeshifter) (Depths:3)
  2 bog bodies
  5 wizards
  5 glowing orange brains
  26 harpies
  5 phantasmal warriors
  16 ironbound convokers
  24 deep elf zephyrmancers
  11 steelbarb worms
  11 lindwurms
  Pikel (D:5)
  5 necromancers
  14 deep elf archers
  6 orc knights (Vaults:3)
  56 ugly things
  A harpy (shapeshifter) (Depths:3)
  3 orc sorcerers (Orc:2)
  21 wolf spiders
  2 cyclopes
  A sphinx skeleton (Vaults:5)
  5 salamanders (Depths:2)
  2 fire giant zombies
  7 fauns
  A tengu skeleton (Depths:3)
  A frost giant zombie (Depths:2)
  22 deep elf pyromancers
  13 manticores
  A stone giant zombie (Vaults:1)
  5 moths of wrath
  Maurice (Orc:2)
  2 black mambas
  Joseph (D:8)
  8 elephants
  7 torpor snails
  10 merfolk sirens
  14 vault sentinels
  An eye of devastation (shapeshifter) (D:15)
  8 water nymphs
  10 cane toads
  16 demonic crawlers
  A water nymph (shapeshifter) (Vaults:2)
  An unseen horror (D:10)
  An orange demon (D:9)
  2 gargoyles
  3 kobold demonologists
  14 yaktaurs
  6 rime drakes
  20 tengu conjurers
  An efreet (D:15)
  A freezing wraith (D:15)
  7 komodo dragons
  A golden dragon simulacrum (Depths:4)
  7 wind drakes
  7 meliai
  8 trolls
  A tengu simulacrum (Depths:4)
  25 merfolk
  A hellwing (Depths:2)
  4 polar bears
  A dream sheep (shapeshifter) (Vaults:5)
  8 hornets
  20 dream sheep
  38 tarantellas
  6 blink frogs
  6 snapping turtles
  Sigmund (D:2)
  21 slime creatures
  A slime creature (shapeshifter) (Depths:1)
  4 shadows
  16 jumping spiders
  A wyvern (shapeshifter) (Depths:1)
  17 culicivoras
  14 water elementals
  3 wyverns
  42 yaks
  A vampire (D:12)
  2 air elementals (Elf:3)
  3 fire elementals
  5 hogs (Lair:3)
  4 wraiths
  A golden eye (shapeshifter) (Depths:3)
  4 basilisks
  49 redbacks
  2 vampire mosquitoes (D:12)
  A glowing shapeshifter zombie (Depths:3)
  2 steam dragons
  4 wargs (Orc:2)
  2 acid dragons
  12 water moccasins
  2 floating eyes (Elf:2)
  An ice beast (D:7)
  6 black bears
  21 orc warriors
  5 ogres
  9 boggarts
  5 centaurs
  3 lemures (D:5)
  41 wolves
  2 phantoms
  3 kobold brigands
  3 human zombies
  6 earth elementals
  11 bullfrogs
  2 glowing shapeshifter simulacra
  3 gnoll sergeants
  A necrophage (D:6)
  2 scorpions
  11 wights
  14 killer bees
  6 electric eels
  A crimson imp (Spider:2)
  A jelly (D:7)
  6 hounds
  25 orc priests
  A gnoll bouda (D:10)
  Terence (D:3)
  6 iguanas
  25 orc wizards
  Natasha (thrice) (D:4)
  8 mummies (Ossuary)
  Robin (D:3)
  21 gnolls
  13 adders
  2 white imps (D:6)
  3 worms
  3 dart slugs
  42 orcs
  9 endoplasms
  2 giant cockroaches
  A gnoll zombie (Ossuary)
  8 hobgoblins
  A jackal (D:2)
  3 quokkas
  3 training dummies (D:9)
  8 ball pythons
  7 bats
  3 frilled lizards
  17 goblins
  2 hobgoblin zombies (Ossuary)
  22 kobolds
  2 kobold zombies (Ossuary)
  3 orc zombies (Ossuary)
  6 rats
  2 fulminant prisms (Shoals:4)
1761 creatures vanquished.

Vanquished Creatures (others)
  A fire giant (Vaults:1)
  A caustic shrike simulacrum (Depths:4)
  An orb spider (Spider:4)
  A merfolk (Shoals:4)
  76 fulminant prisms
  47 fungi
  205 plants
332 creatures vanquished.

Grand Total: 2093 creatures vanquished

Notes
Turn   | Place    | Note
-------+----------+-------------------------------------------
     0 | D:1      | KleinerIrrer the Demonspawn Conjurer began the quest for
                  | the Orb.
     0 | D:1      | Reached XP level 1. HP: 13/13 MP: 3/3
   203 | D:1      | You fall into a shaft and drop 1 floor!
   315 | D:1      | Gained mutation: When seriously injured, your blood forms
                  | armour. (AC +12) [demonic ancestry]
   315 | D:1      | Reached XP level 2. HP: 19/19 MP: 1/5
  1324 | D:2      | Found Reithoug's Distillery.
  1355 | D:2      | Bought a potion of curing for 36 gold pieces
  1418 | D:2      | Noticed Sigmund
  1428 | D:2      | Learned a level 2 spell: Searing Ray
  1757 | D:2      | Gained mutation: You have a pair of small horns on your
                  | head. [demonic ancestry]
  1757 | D:2      | Reached XP level 3. HP: 24/24 MP: 3/6
  2207 | D:2      | Reached skill level 5 in Conjurations
  2445 | D:2      | Found Zetu's Weapon Emporium.
  2505 | D:2      | Reached XP level 4. HP: 30/30 MP: 1/8
  2735 | D:3      | Noticed Robin
  2813 | D:2      | Killed Sigmund
  2814 | D:2      | Reached skill level 6 in Conjurations
  2814 | D:2      | Reached XP level 5. HP: 27/35 MP: 2/10
  2887 | D:3      | Killed Robin
  2888 | D:3      | Reached XP level 6. HP: 32/41 MP: 3/11
  3103 | D:3      | Found a faded altar of an unknown god.
  3111 | D:3      | Noticed Terence
  3116 | D:3      | Killed Terence
  3898 | D:3      | Found a runed translucent door.
  3899 | D:3      | Noticed Crazy Yiuf
  4201 | D:4      | Learned a level 3 spell: Dazzling Flash
  4249 | D:4      | Reached skill level 7 in Conjurations
  4273 | D:4      | Found a bloodstained altar of Trog.
  4393 | D:4      | Noticed Natasha
  4395 | D:4      | Killed Natasha
  4470 | D:4      | Found an ancient bone altar of Kikubaaqudgha.
  4480 | D:4      | Reached XP level 7. HP: 41/46 MP: 4/13
  4657 | D:4      | Noticed Natasha
  4661 | D:4      | Killed Natasha
  4745 | D:4      | Found a snail-covered altar of Cheibriados.
  5337 | D:4      | Noticed Natasha
  5341 | D:4      | Killed Natasha
  5399 | D:5      | Entered Level 5 of the Dungeon
  5405 | D:5      | Reached skill level 8 in Conjurations
  5462 | D:5      | Reached skill level 5 in Spellcasting
  5832 | D:5      | Reached XP level 8. HP: 52/52 MP: 7/15
  5955 | D:5      | Noticed Pikel
  6154 | D:5      | Killed Pikel
  6155 | D:5      | Reached skill level 9 in Conjurations
  6484 | D:6      | Found a sand-covered staircase.
  6503 | D:6      | Found Ociwn's Weapon Boutique.
  6520 | Ossuary  | Entered an ossuary
  7063 | Ossuary  | Learned a level 4 spell: Fulminant Prism
  7068 | Ossuary  | Learned a level 4 spell: Iskenderun's Mystic Blast
  7112 | D:6      | Reached skill level 10 in Conjurations
  7225 | D:6      | Noticed a troll
  7244 | D:6      | Killed a troll
  7245 | D:6      | Gained mutation: You have a pair of horns on your head.
                  | [demonic ancestry]
  7245 | D:6      | Reached XP level 9. HP: 18/57 MP: 2/19
  7393 | D:6      | Found an iron altar of Okawaru.
  7548 | D:6      | Reached skill level 11 in Conjurations
  8648 | D:7      | Found Luax's Distillery.
  8745 | D:2      | Bought a potion of experience for 600 gold pieces
  8745 | D:2      | Reached skill level 14 in Conjurations
  8745 | D:2      | Gained mutation: When seriously injured, your blood forms
                  | thick armour. (AC +12) [demonic ancestry]
  8745 | D:2      | Reached XP level 10. HP: 63/63 MP: 19/23
  8750 | D:2      | Learned a level 3 spell: Stone Arrow
  8932 | D:7      | Found a staircase to the Ecumenical Temple.
  8968 | Temple   | Entered the Ecumenical Temple
  9613 | D:7      | Found a hazy altar of Hepliaklqana.
  9825 | D:7      | Identified the +9 falchion of Beogh's Scorn {heavy, MP+9
                  | Str-5 Dex+3 SInv}
 10266 | D:8      | Noticed a two-headed ogre
 10280 | D:8      | Killed a two-headed ogre
 10281 | D:8      | Reached skill level 1 in Fighting
 10656 | D:8      | Found an opulent altar of Gozag.
 10660 | D:8      | Found Gozag's Platinum Reserve.
 10984 | D:8      | Noticed Joseph
 10995 | D:8      | Killed Joseph
 11226 | D:8      | Gained mutation: Spells you cast may paralyse adjacent
                  | enemies. [demonic ancestry]
 11226 | D:8      | Reached XP level 11. HP: 72/72 MP: 16/24
 11306 | D:9      | Found Ciehip's Firing Range.
 11834 | D:9      | Reached skill level 1 in Armour
 12040 | D:9      | Found a broken altar of Ashenzari.
 12653 | D:9      | Noticed Amaemon
 12745 | D:9      | Killed Amaemon
 12868 | D:9      | Reached skill level 15 in Conjurations
 13208 | D:9      | Found a staircase to the Lair.
 13218 | Lair:1   | Entered Level 1 of the Lair of Beasts
 13259 | Lair:1   | Noticed a deep troll
 13277 | Lair:1   | Killed a deep troll
 14121 | Lair:1   | Reached skill level 10 in Spellcasting
 14521 | Lair:1   | Learned a level 5 spell: Freezing Cloud
 15018 | Lair:2   | Reached skill level 1 in Ice Magic
 15192 | Lair:2   | Reached skill level 1 in Air Magic
 15254 | Lair:2   | Noticed a skyshark
 15259 | Lair:2   | Killed a skyshark
 15378 | Lair:2   | Gained mutation: You have a pair of large horns on your
                  | head. [demonic ancestry]
 15378 | Lair:2   | Reached XP level 12. HP: 69/83 MP: 11/26
 16077 | Lair:2   | Found a staircase to the Shoals.
 16082 | Lair:2   | Reached skill level 16 in Conjurations
 16793 | Lair:3   | Found a sparkling altar of Nemelex Xobeh.
 17189 | Lair:3   | Reached skill level 17 in Conjurations
 17576 | Lair:3   | Noticed Kirke
 17589 | Lair:3   | Killed Kirke
 17714 | Lair:3   | Found a hole to the Spider Nest.
 18145 | Lair:3   | Noticed a death yak
 18152 | Lair:3   | Noticed a catoblepas
 18177 | Lair:3   | Killed a catoblepas
 18186 | Lair:3   | Killed a death yak
 18590 | Lair:4   | Reached XP level 13. HP: 88/88 MP: 8/27
 18757 | Lair:4   | Reached skill level 18 in Conjurations
 20164 | Lair:4   | Identified a scroll of acquirement
 20165 | Lair:4   | Acquired the +1 pair of boots of the Narrow God {+Inv rN+
                  | Will- Dex+5 SInv}
 20180 | Lair:5   | Entered Level 5 of the Lair of Beasts
 20768 | Lair:5   | Reached skill level 5 in Fighting
 21370 | D:8      | Became a worshipper of Gozag Ym Sagoz the Greedy
 21563 | Lair:5   | Reached skill level 5 in Dodging
 22014 | Lair:5   | Found a viscous altar of Jiyva.
 22014 | Lair:5   | Found a staircase to the Slime Pits.
 22975 | Lair:5   | Identified the ring of Omuohari {rC++ Int+6 Dex-4 Slay+3
                  | SInv}
 23139 | Lair:5   | Reached skill level 19 in Conjurations
 23154 | Lair:5   | Reached XP level 14. HP: 100/100 MP: 20/28
 24318 | Lair:5   | Acquired the ring of Feat {Fly rF+ Str+5 Slay-2 Stlth+}
 24491 | D:10     | Entered Level 10 of the Dungeon
 24640 | D:10     | Reached skill level 1 in Shields
 24935 | D:10     | Found a staircase to the Orcish Mines.
 25538 | Orc:1    | Entered Level 1 of the Orcish Mines
 25585 | Orc:2    | Entered Level 2 of the Orcish Mines
 25808 | D:7      | Bought a potion of cancellation for 112 gold pieces
 25808 | D:7      | Bought a potion of haste for 140 gold pieces
 25808 | D:7      | Bought a potion of heal wounds for 70 gold pieces
 25808 | D:7      | Bought a potion of invisibility for 112 gold pieces
 25808 | D:7      | Bought a potion of curing for 42 gold pieces
 25889 | D:2      | Bought a potion of heal wounds for 60 gold pieces
 25889 | D:2      | Bought a potion of brilliance for 48 gold pieces
 25889 | D:2      | Bought a potion of magic for 96 gold pieces
 25889 | D:2      | Bought a potion of magic for 96 gold pieces
 26051 | Orc:2    | Noticed an orc warlord
 26065 | Orc:2    | Killed an orc warlord
 26385 | Orc:2    | Noticed an orc warlord
 26444 | Orc:1    | Killed an orc warlord
 26445 | Orc:1    | Reached skill level 5 in Shields
 27178 | Orc:2    | Found a staircase to the Elven Halls.
 27272 | Orc:2    | Found a bloodstained altar of Trog.
 27420 | Orc:2    | Noticed Maurice
 27425 | Orc:2    | Killed Maurice
 27901 | Orc:2    | Found Kaergh's Antique Armour Emporium.
 27917 | Orc:2    | Bought a brightly glowing cloak for 294 gold pieces
 27917 | Orc:2    | Identified the +1 cloak "Pufaj" {Dex+3} (You bought it in a
                  | shop on level 2 of the Orcish Mines)
 27950 | Orc:2    | Found Zuruidoboe's General Store.
 27950 | Orc:2    | Found Lunam's Assorted Antiques.
 27953 | Orc:2    | Found Lavimp's Weapon Shop.
 27953 | Orc:2    | Found Daukuz's Distillery.
 28482 | Orc:2    | Bought a potion of curing for 39 gold pieces
 28482 | Orc:2    | Bought a potion of curing for 39 gold pieces
 28482 | Orc:2    | Bought 2 potions of heal wounds for 130 gold pieces
 28482 | Orc:2    | Bought 2 potions of brilliance for 104 gold pieces
 28482 | Orc:2    | Bought a potion of curing for 39 gold pieces
 28485 | Orc:2    | Bought a scroll of blinking for 172 gold pieces
 28485 | Orc:2    | Bought a scroll labelled CAETECR CUIGEDGH for 23 gold
                  | pieces
 28485 | Orc:2    | Bought a scroll of teleportation for 69 gold pieces
 28485 | Orc:2    | Bought a scroll labelled CUASMOQIOMM for 23 gold pieces
 28485 | Orc:2    | Bought a potion of heal wounds for 115 gold pieces
 28485 | Orc:2    | Bought a potion of curing for 69 gold pieces
 28485 | Orc:2    | Bought a slimy turquoise ring for 115 gold pieces
 28485 | Orc:2    | Identified the ring "Himpint" {Ice Will+ Int+3} (You bought
                  | it in a shop on level 2 of the Orcish Mines)
 28496 | Orc:2    | Bought a scroll of identify for 30 gold pieces
 28496 | Orc:2    | Bought a scroll of teleportation for 45 gold pieces
 28496 | Orc:2    | Bought a potion of cancellation for 120 gold pieces
 28496 | Orc:2    | Bought a potion of curing for 45 gold pieces
 28899 | D:11     | Paralysed by an ogre mage for 5 turns
 29514 | D:11     | Found a portal to a secret trove of treasure.
 30089 | Orc:2    | Bought a pair of embroidered gloves for 172 gold pieces
 32626 | D:13     | Reached XP level 15. HP: 106/106 MP: 12/30
 33752 | D:14     | Acquired 943 gold pieces
 34041 | D:14     | Found a gate to the Vaults.
 34435 | D:14     | Found Ahequmio's Assorted Antiques.
 34438 | D:14     | Bought a steaming brass amulet for 190 gold pieces
 34438 | D:14     | Identified the amulet "Jeczievyda" {Spirit Fly rPois Str-2
                  | Int-4} (You bought it in a shop on level 14 of the Dungeon)
 34438 | D:14     | Bought a twisted onyx ring for 190 gold pieces
 34538 | D:15     | Entered Level 15 of the Dungeon
 34672 | D:15     | Found a staircase to the Depths.
 36050 | Shoals:1 | Entered Level 1 of the Shoals
 36249 | Elf:1    | Entered Level 1 of the Elven Halls
 36675 | Spider:1 | Entered Level 1 of the Spider Nest
 37274 | Spider:1 | Noticed an emperor scorpion
 38274 | Lair:2   | Reached skill level 20 in Conjurations
 38905 | Shoals:2 | Found Ylinusso's Antique Armour Boutique.
 39262 | Shoals:2 | You are sucked into a shaft and drop 1 floor!
 39589 | Shoals:3 | Gained mutation: You are robust. (+10% HP) [demonic
                  | ancestry]
 39589 | Shoals:3 | Reached XP level 16. HP: 97/124 MP: 8/33
 40051 | Shoals:3 | Found the +3 greatsling "Punk" {acid, rCorr}
 40325 | Shoals:3 | Noticed Ilsuiw
 40337 | Shoals:3 | Killed Ilsuiw
 40586 | Shoals:3 | Reached skill level 5 in Armour
 43369 | Shoals:1 | Reached skill level 10 in Shields
 44210 | Shoals:4 | Entered Level 4 of the Shoals
 45377 | Shoals:4 | Reached skill level 15 in Spellcasting
 45686 | Shoals:4 | Got a barnacled rune of Zot
 46463 | Lair:1   | Bought the ring "Aruobaw" {Fly rElec rPois rC+ AC+4} for
                  | 886 gold pieces
 46580 | Elf:1    | Noticed Asterion
 46583 | Elf:1    | Noticed Frances
 46589 | Elf:1    | Killed Asterion
 46589 | Elf:1    | Killed Frances
 46703 | Elf:1    | Gained mutation: When seriously injured, your blood forms
                  | very thick armour. (AC +12) [demonic ancestry]
 46703 | Elf:1    | Reached XP level 17. HP: 89/129 MP: 4/36
 50549 | Elf:2    | Reached skill level 21 in Conjurations
 50706 | Elf:2    | Found a runed translucent gate.
 50706 | Elf:2    | Found a runed translucent gate.
 50706 | Elf:2    | Found a runed translucent gate.
 50984 | Elf:2    | Found Ucwinliy's General Store.
 51593 | Elf:3    | Entered Level 3 of the Elven Halls
 51942 | Elf:3    | Paralysed by an air elemental for 1 turns
 52199 | Elf:3    | Noticed Bai Suzhen
 52268 | Elf:3    | Noticed Donald
 53308 | Spider:1 | Reached skill level 1 in Earth Magic
 54058 | Spider:1 | Gained mutation: You are very robust. (+20% HP) [demonic
                  | ancestry]
 54058 | Spider:1 | Reached XP level 18. HP: 121/154 MP: 30/38
 55579 | Spider:2 | Identified Roxanne's Annotations on Shaping
 55579 | Spider:2 | Noticed Roxanne
 55745 | Spider:2 | Killed Roxanne
 56037 | Spider:2 | Noticed Arachne
 56251 | Spider:1 | Killed Arachne
 56252 | Spider:1 | Reached skill level 5 in Earth Magic
 56524 | Spider:2 | Noticed Mlioglotl
 56533 | Spider:2 | Paralysed by accursed screaming for 1 turns
 56638 | Spider:1 | Killed Mlioglotl
 57085 | Spider:2 | Gained mutation: You have sharp toenails. [potion of
                  | mutation]
 57085 | Spider:2 | Gained mutation: You passively map a small area around you.
                  | [potion of mutation]
 57085 | Spider:2 | Gained mutation: Your mind is acute. (Int +4, Str/Dex -1)
                  | [potion of mutation]
 59400 | Spider:3 | Found a hide-covered altar of Uskayaw.
 60006 | Spider:4 | Entered Level 4 of the Spider Nest
 60938 | Spider:4 | Noticed Agnes
 60947 | Spider:4 | Killed Agnes
 60948 | Spider:4 | Reached skill level 10 in Earth Magic
 62517 | Spider:4 | Got a gossamer rune of Zot
 63355 | Depths:1 | Entered Level 1 of the Depths
 63355 | Depths:1 | Noticed a golden dragon
 63660 | Vaults:1 | Entered Level 1 of the Vaults
 64427 | Vaults:1 | Learned a level 8 spell: Lehudib's Crystal Spear
 64551 | Vaults:1 | Gained mutation: You may rarely emit foul miasma when
                  | damaged in melee. [demonic ancestry]
 64551 | Vaults:1 | Reached XP level 19. HP: 144/160 MP: 25/39
 66815 | Vaults:2 | Noticed Zenata
 66836 | Vaults:2 | Killed Zenata
 68235 | Vaults:2 | Noticed Saint Roka
 68241 | Vaults:2 | Killed Saint Roka
 68733 | Vaults:2 | Noticed Xtahua
 68737 | Vaults:2 | Paralysed by Xtahua for 3 turns
 68741 | Vaults:2 | Killed Xtahua
 69930 | Vaults:3 | Found a staircase to the Crypt.
 71808 | Vaults:3 | Reached skill level 15 in Earth Magic
 71808 | Vaults:3 | Reached XP level 20. HP: 151/169 MP: 18/40
 74775 | Vaults:4 | Noticed Rupert
 74781 | Vaults:4 | Killed Rupert
 75660 | Vaults:4 | Noticed Sojobo
 75665 | Vaults:4 | Paralysed by an air elemental for 1 turns
 75824 | Vaults:4 | Killed Sojobo
 77218 | Elf:3    | Killed Bai Suzhen
 77328 | Elf:3    | Found an ancient bone altar of Kikubaaqudgha.
 77501 | Elf:3    | Identified the +2 ring mail of the Bells {Fly Int+2}
 77644 | Elf:3    | Paralysed by an air elemental for 1 turns
 77662 | Elf:3    | Killed Donald
 78517 | Elf:3    | Identified the +1 robe of Dyspraxia {-Tele rCorr Str+7}
 79606 | Elf:3    | Learned a level 6 spell: Statue Form
 79612 | Elf:3    | Learned a level 5 spell: Lee's Rapid Deconstruction
 79618 | Elf:3    | Identified the +0 chain mail "Kanenu" {Harm rF- rC+ rCorr}
 79689 | Elf:3    | Got Ifiaf's Tome of Gaseous Transmogrification
 79697 | Elf:3    | Identified the +4 short sword of Exquisite Death {vamp,
                  | rPois Will++ Int-2 Dex+2}
 81128 | Depths:2 | Found a gateway to Hell.
 81146 | Depths:2 | Found a magical portal.
 81162 | WizLab   | Entered Iskenderun's Mystic Tower
 81428 | WizLab   | Gained mutation: Spells you cast may paralyse nearby
                  | enemies. [demonic ancestry]
 81428 | WizLab   | Reached XP level 21. HP: 80/176 MP: 10/41
 82865 | WizLab   | Got Iskenderun's Incunabulum of Bolts
 82865 | WizLab   | Got Iskenderun's Spellbook of Bolts
 83378 | Depths:2 | Found a runed translucent door.
 83378 | Depths:2 | Noticed a juggernaut
 83383 | Depths:2 | Killed a juggernaut
 83387 | Depths:2 | Noticed a caustic shrike
 83469 | Depths:2 | Paralysed by a vampire knight for 3 turns
 83509 | Depths:2 | Killed a caustic shrike
 84358 | Depths:2 | Found a basalt altar of Yredelemnul.
 84523 | Depths:2 | Learned a level 1 spell: Apportation
 84555 | Depths:2 | Found a one-way gate leading to the halls of Pandemonium.
 84596 | Depths:2 | Found a one-way gate to the infinite horrors of the Abyss.
 85047 | Depths:2 | Found a runed translucent door.
 85055 | Depths:2 | Noticed a caustic shrike
 85233 | Depths:2 | Found Lare's General Store.
 86215 | Depths:1 | Killed a golden dragon
 88840 | Depths:3 | Gained mutation: You sometimes emit foul miasma when
                  | damaged in melee. [demonic ancestry]
 88840 | Depths:3 | Reached XP level 22. HP: 190/190 MP: 25/43
 89122 | Depths:3 | Noticed Margery
 89135 | Depths:3 | Killed Margery
 89570 | Depths:3 | Reached skill level 10 in Fighting
 90168 | Depths:3 | Reached skill level 15 in Shields
 91129 | Depths:2 | Bought a scroll of teleportation for 36 gold pieces
 91129 | Depths:2 | Bought a potion of magic for 96 gold pieces
 91129 | Depths:2 | Bought a scroll of butterflies for 48 gold pieces
 91850 | Depths:3 | Reached skill level 22 in Conjurations
 91980 | Depths:3 | Identified the +0 ring mail of Qost {Int+3}
 92348 | Depths:3 | Identified the +9 war axe of Mempuriop {heavy, rCorr Str+2}
 92395 | Depths:4 | Entered Level 4 of the Depths
 92395 | Depths:4 | Noticed a caustic shrike
 92395 | Depths:4 | Noticed a caustic shrike
 92396 | Depths:4 | Noticed a caustic shrike
 92397 | Depths:4 | Noticed a caustic shrike
 92399 | Depths:4 | Noticed a caustic shrike
 92403 | Depths:3 | Killed a caustic shrike
 92404 | Depths:3 | Killed a caustic shrike
 92615 | Depths:4 | Noticed a golden dragon
 92629 | Depths:3 | Killed a golden dragon
 92936 | Depths:4 | Found a gate to the Realm of Zot.
 93142 | Depths:4 | Noticed a juggernaut
 93479 | Depths:4 | Killed a caustic shrike
 93615 | Depths:4 | Killed a juggernaut
 93773 | Depths:4 | Killed a caustic shrike
 93925 | Depths:4 | Killed a caustic shrike
 94050 | Depths:4 | Identified the ring of the Unkillable {Ice Dex+2}
 94050 | Depths:4 | Noticed Josephina
 94056 | Depths:4 | Killed Josephina
 94851 | Depths:4 | Noticed a caustic shrike
 94851 | Depths:4 | Noticed a caustic shrike
 94852 | Depths:4 | Noticed a caustic shrike
 94852 | Depths:4 | Noticed a caustic shrike
 94860 | Depths:4 | Killed a caustic shrike
 94860 | Depths:4 | Killed a caustic shrike
 94861 | Depths:4 | Killed a caustic shrike
 94862 | Depths:4 | Killed a caustic shrike
 94863 | Depths:4 | Reached XP level 23. HP: 60/204 MP: 8/44
 95229 | Depths:4 | Noticed a caustic shrike
 95232 | Depths:4 | Killed a caustic shrike
 95459 | Depths:4 | Found a one-way gateway to a ziggurat.
 96390 | Vaults:5 | Entered Level 5 of the Vaults
 96403 | Vaults:5 | Noticed a dread lich
 97354 | Vaults:5 | Identified the ring of the Quahog {rPois Dex+4}
 97817 | Vaults:5 | Got a silver rune of Zot
 98528 | Vaults:5 | Identified the +9 rapier of the Gloaming {heavy, Str+3}
 98539 | Vaults:5 | Paralysed by an ogre mage for 2 turns
 99058 | Vaults:5 | Identified the ring of Dyusuur {Drain Fly rElec Int+4 SInv}
 99109 | Vaults:5 | Paralysed by a dread lich for 5 turns
 99109 | Vaults:5 | Gained mutation: You are weak. (Str -2) [a cacodemon]
 99113 | Vaults:5 | Blown up by a cacodemon

Illustrated notes

Levels and vault maps discovered:
D:1:      sevenhm_arrival_forest_fort_small_4, layout_loops_ring,
          grunt_decor_clamped, moated_statue
D:2:      minmay_razor_zed, layout_basic, serial_shops, shop_statue, shop,
          uniq_sigmund
D:3:      layout_loops_ring, ebering_ecumenical_altar_abandoned, uniq_robin,
          uniq_terence, uniq_crazy_yiuf_cottage
D:4:      layout_loops_cross, nicolae_overflow_crystal_walls,
          mainiacjoe_overflow_chevrons, jmf_multi_god_temple,
          grunt_decor_mini_mirrors, uniq_natasha
D:5:      layout_cave_pools, uniq_pikel
D:6:      layout_loops_ring, kennysheep_mini_moat, enter_ossuary_1,
          serial_shops, nicolae_shop_bloodbath_and_beyond
D:7:      layout_loops_ring, kennysheep_little_box,
          minmay_temple_entry_statues_fountains, serial_shops, shop,
          minivault_1, due_unseen_surprise
D:8:      layout_gridville, nicolae_gozag_zags_fifth_avenue,
          hangedman_decor_push, uniq_joseph
D:9:      layout_basic, nicolae_tso_swordbearing_angel, amcnicky_altar_gilded,
          lair_entry_dummy, nicolae_shop_firing_range, uniq_amaemon
D:10:     layout_loops_cross, orc_0_dummy, serial_aquarium,
          aquarium_bridge_square [aquarium_subvault_window,
          aquarium_subvault_bridge, aquarium_subvault_bridge,
          aquarium_subvault_wall], aquarium_window_2, aquarium_window_fake,
          aquarium_view_2c, aquarium_pool_1
D:11:     minmay_thick_lines, layout_basic, trove_entry_hex_spiral,
          kennysheep_generic_room_14
D:12:     layout_roguey, serial_bayou, serial_bayou_crossing,
          serial_bayou_lagoon_a, serial_bayou_pond_d, serial_bayou_lagoon_b,
          serial_bayou_lake_a, hangedman_fish_farm
D:13:     layout_irregular_city
D:14:     layout_cave_pools, david_vaults_1, serial_shops, kennysheep_mini,
          nrook_mini_vaults
D:15:     grunt_enter_depths_giant_problem, layout_basic,
          minmay_misc_feat_diagonals
Temple:   compressed_dpeg_triangle_lava_temple
Lair:1:   dreamdust_cave_troll, layout_gridlike
Lair:2:   layout_regular_city, elwin_shoals_entry_stream, patterned_corridor
Lair:3:   nzn_winding_woodlands_three_and_one [nzn_winding_woodlands_5x15_twine,
          nzn_winding_woodlands_5x15_cabin,
          nzn_winding_woodlands_5x15_longhouse,
          nzn_winding_woodlands_center_diamonds], layout_cave_pods,
          hellmonk_spider_entry_not_the_bees, basic_altar, lemuel_fruit_tree,
          uniq_kirke
Lair:4:   layout_long_grid, minmay_holes
Lair:5:   minmay_lair_end_enchanted_forest, layout_misc_corridors,
          dpeg_slime_entry_enclosed, serial_bayou_shore_b
Shoals:1: layout_shoals, portal_ice_cave_entry_pillars_2,
          nicolae_shoals_secluded_bog
Shoals:2: layout_shoals, serial_shops, shop, nicolae_shoals_sun_and_surf
Shoals:3: layout_shoals, uniq_ilsuiw
Shoals:4: shoals_end_hangedman, layout_shoals, serial_shops, shop
Spider:1: layout_chambers, hellmonk_narrow_tunnel,
          hangedman_spider_tarantella_strand
Spider:2: layout_spider_delve, nicolae_crawler_farm, uniq_arachne, uniq_roxanne,
          uniq_mlioglotl
Spider:3: layout_spider_delve, nicolae_spider_altar_of_dancing
Spider:4: spider_rune_water, uniq_agnes
Orc:1:    layout_diamond_mine
Orc:2:    st_orc_mages, layout_caves, basic_altar, serial_shops, shop,
          uniq_maurice
Elf:1:    layout_gridlike, hangedman_elf_disciples, amcnicky_mini_pool_small,
          wad_dig_loot, uniq_frances, uniq_asterion
Elf:2:    nicolae_elf_blades_crystal_corner, layout_geoelf_octagon,
          nicolae_stop_n_shop_2, onia_ninara_cookie
Elf:3:    elf_hall_gauntlet_narrow, layout_onion_city, basic_altar,
          uniq_bai_suzhen, uniq_donald
Vaults:1: vaults_room_fancy_cross, v_misc_10, v_rooms_4, v_misc_22,
          vaults_room_hallway, vaults_room_glass_cross, hangedman_vaults_snaps,
          ontoclasm_vaults_misaligned, layout_vaults_omnigrid
Vaults:2: nicolae_vaults_puzzle_piece, v_misc_33, vaults_dpeg_hooks, v_misc_25,
          v_misc_11, vaults_mumra_minichess_inversion, v_alt_pattern_1,
          hangedman_vaults_maws, vaults_room_fancy_cross,
          ontoclasm_vaults_decontamination, ontoclasm_vaults_gallery,
          vaults_room_fours, nicolae_vaults_circle_grid_a, layout_vaults_ring,
          uniq_xtahua, uniq_zenata, uniq_saint_roka
Vaults:3: v_alt_pattern_5, v_misc_18, v_misc_4, vaults_room_semicircle,
          hangedman_vaults_hat, v_misc_24, nicolae_vaults_asterisk,
          vaults_standard_mumra_enter_the_diamond, ontoclasm_vaults_idyll,
          grunt_vaults_trifunnel, ontoclasm_vaults_loading_screen,
          vaults_dpeg_encased_lava, nicolae_vaults_theta, layout_vaults_omnibox,
          dummy_crypt_entry
Vaults:4: vaults_mumra_hexcomb, hangedman_vaults_maws, hangedman_vaults_nails,
          v_misc_10, sword_in_stone, v_misc_28, v_misc_27,
          hangedman_vaults_impose, ontoclasm_vaults_loading_screen,
          layout_vaults_chaotic_city
Vaults:5
Depths:1: layout_long_grid, rand_demon_pan_entry_7, grunt_hell_entry_dis_grunt,
          kennysheep_minor_cross, hangedman_abyss_or_decor_passed,
          evilmike_ambush [evilmike_ambush_outer_basic,
          evilmike_ambush_inner_basic]
Depths:2: minmay_expanding_circles, layout_cave_pools, hell_entry,
          abyss_entry_glasseish, serial_shops, nicolae_take_the_stairs,
          grunt_pan_entry_in_and_out, infiniplex_enter_wizlab_glasses,
          minmay_misc_feat_square, lemuel_zombie_altar_yredelemnul
Depths:3: minmay_the_grid_net [minmay_the_grid_slots, minmay_the_grid_airy,
          minmay_the_grid_expand, minmay_the_grid_eight,
          minmay_the_grid_outer_circle,
          minmay_the_grid_prize_four_corners_diamond_b], layout_cave_shapes,
          hell_entry, minmay_misc_feat_pillars, abyss_entry, uniq_margery
Depths:4: evilmike_zot_entry_diamond, layout_long_grid, enter_ziggurat_c,
          chequers_serial_rivers_micro_a, abyss_entry_small_statue_room,
          hell_entry, elyvilon_altar_5, uniq_josephina

Skill      XL: |  1  2  3  4  5  6  7  8  9 10 11 12 13 14 15 16 17 18 19 20 21 22 23 |
---------------+----------------------------------------------------------------------+-----
Conjurations   | 5 6 7 8 10 14 15 17 19 20 21 22 | 22.9
Spellcasting   | 3 4 5 6 9 10 11 13 15 16 17 18 | 18.5
Fighting       | 1 3 6 8 9 11 12 | 12.7
Dodging        | 3 5 |  5.9
Armour         | 2 4 6 8 |  8.1
Ice Magic      | 2 4 |  4.0
Air Magic      | 2 4 |  4.0
Shields        | 7 9 10 11 13 14 15 | 15.2
Earth Magic    | 3 11 15 18 19 20 | 20.4
Stealth        | |  1.7

Action                     |  1- 3 |  4- 6 |  7- 9 | 10-12 | 13-15 | 16-18 | 19-21 | 22-24 || total
---------------------------+-------+-------+-------+-------+-------+-------+-------+-------++-------
  Melee: Unarmed           |     2 |       |       |       |       |       |       |       ||     2
         Staff             |     1 |    13 |     1 |     4 |   168 |   128 |    34 |    56 ||   405
         Headbutt          |     1 |     1 |    10 |    20 |    78 |    45 |    79 |    55 ||   289
         Quarterstaff      |       |       |    32 |     2 |       |       |       |       ||    34
         Dagger            |       |       |       |    31 |    53 |       |       |       ||    84
         Punch             |       |       |       |       |     2 |       |       |       ||     2
         Short sword       |       |       |       |       |       |       |   136 |    97 ||   233
         Kick              |       |       |       |       |       |       |     8 |     9 ||    17
   Cast: Magic Dart        |    93 |    93 |   222 |   132 |   104 |    34 |       |    13 ||   691
         Searing Ray       |       |     8 |    24 |    10 |       |       |       |       ||    42
         Dazzling Flash    |       |       |     3 |       |     4 |     2 |       |       ||     9
         Fulminant Prism   |       |       |     2 |    24 |    30 |    19 |     1 |     2 ||    78
         Iskenderun's Myst |       |       |     1 |    89 |   187 |   197 |   109 |    49 ||   632
         Stone Arrow       |       |       |       |    14 |    18 |   190 |   166 |       ||   388
         Freezing Cloud    |       |       |       |    47 |   298 |   371 |   315 |    85 ||  1116
         Lehudib's Crystal |       |       |       |       |       |       |   129 |   155 ||   284
         Statue Form       |       |       |       |       |       |       |     6 |     2 ||     8
         Lee's Rapid Decon |       |       |       |       |       |       |     1 |       ||     1
 Invoke: Potion Petition   |       |       |       |       |     2 |     2 |     4 |       ||     8
         Call Merchant     |       |       |       |       |       |     2 |     2 |       ||     4
  Evoke: Wand              |       |       |       |     3 |       |     9 |     1 |       ||    13
         Tin of tremorston |       |       |       |       |     1 |     1 |       |       ||     2
    Use: Scroll            |     5 |     5 |     1 |       |    35 |    11 |    14 |     2 ||    73
         Potion            |       |     2 |     4 |     2 |    13 |    10 |    13 |     4 ||    48
   Stab: Invisible         |       |       |     1 |       |     1 |       |       |       ||     2
         Paralysed         |       |       |       |     4 |    51 |    17 |     7 |    17 ||    96
         Sleeping          |       |       |       |     1 |       |       |       |       ||     1
         Distracted        |       |       |       |       |       |       |     1 |       ||     1
 Armour: Robe              |     1 |    10 |    39 |    18 |    26 |       |       |       ||    94
         Ring mail         |       |       |       |    26 |   174 |   442 |   314 |   169 ||  1125
         Skin              |       |       |       |       |       |       |    19 |    36 ||    55
  Dodge: Dodged            |    12 |    45 |   104 |    66 |   274 |   365 |   266 |   134 ||  1266
  Block: Kite shield       |       |       |       |       |   169 |   485 |   186 |       ||   840
         Buckler           |       |       |       |       |       |       |    96 |   145 ||   241

Table legend: (Time is in decaauts)
 A = Elapsed time spent in this place.
 B = Non-inter-level travel time spent in this place.
 C = Inter-level travel time spent in this place.
 D = Time resting spent in this place.
 E = Time spent auto-exploring this place.
 F = Levels seen in this place.
 G = Mean time per level.
                   A        B        C        D        E       F      G
               +--------+--------+--------+--------+--------+-----+--------+
         Total |  99703 |  82004 |  17699 |  30382 |  38007 |  45 | 2215.6 |
       Dungeon |  23509 |  19889 |   3620 |   1985 |  15339 |  15 | 1567.3 |
        Temple |    421 |    409 |     12 |    116 |    266 |   1 |  421.0 |
          Lair |  12727 |  11399 |   1328 |   3090 |   6724 |   5 | 2545.4 |
        Shoals |   7420 |   5830 |   1590 |   2539 |   2290 |   4 | 1855.0 |
   Spider Nest |  10922 |   8547 |   2375 |   4897 |   1758 |   4 | 2730.5 |
  Orcish Mines |   3505 |   3018 |    487 |   1785 |    820 |   2 | 1752.5 |
   Elven Halls |   8873 |   6898 |   1975 |   3260 |   2300 |   3 | 2957.7 |
        Vaults |  16479 |  12790 |   3689 |   6262 |   4373 |   5 | 3295.8 |
        Depths |  13145 |  10525 |   2620 |   5077 |   3417 |   4 | 3286.2 |
       Ossuary |    567 |    567 |      0 |      0 |    461 |   1 |  567.0 |
        Wizlab |   2129 |   2129 |      0 |   1370 |    259 |   1 | 2129.0 |
               +--------+--------+--------+--------+--------+-----+--------+

Top non-repeatable levels by time:
Depths:3: 5027 daAuts
Spider:1: 4599 daAuts
Vaults:2: 4097 daAuts
   Elf:3: 3651 daAuts
Vaults:1: 3585 daAuts
Depths:2: 3440 daAuts
Vaults:4: 3330 daAuts
Vaults:3: 3268 daAuts
  Lair:5: 3097 daAuts
  Lair:3: 3022 daAuts
Spider:3: 2991 daAuts
  Lair:2: 2692 daAuts
   Elf:1: 2682 daAuts
   Orc:2: 2653 daAuts
     D:9: 2635 daAuts
